[Event "Czech Championship 2022"]
[Site "Usti nad Labem"]
[Date "2022.05.19"]
[Round "6.12"]
[White "Babula, Vlastimil jr"]
[Black "Hrbek, Stepan"]
[Result "1-0"]
[ECO "D00"]
[WhiteElo "2217"]
[BlackElo "2303"]
[Annotator "TA"]
[PlyCount "77"]
[EventDate "2022.05.12"]
[EventType "swiss"]
[EventCountry "CZE"]
[SourceTitle "playchess.com"]
[Source "ChessBase"]
[SourceQuality "1"]
[TimeControl "40/5400+30:1800+30"]

1. d4 Nf6 2. Nc3 d5 3. Bf4 a6 4. e3 e6 5. Nf3 c5 6. Ne5 {[%emt 0:02:42] D00: 1 d4 d5: Unusual lines.} cxd4 7. exd4 Nc6 8. g4 (8. Nxc6 $11 bxc6 9. Qf3) 8... Bb4 9. Nxc6 bxc6 10. Bd3 c5 11. dxc5 {[%emt 0:14:15] [#]} d4 $146 {[%emt 0:06:48][%mdl 64] Pin} ({Predecessor:} 11... O-O 12. g5 Nd7 13. Bd6 Qxg5 14. Bxf8 Nxf8 15. a3 Bxc3+ 16. bxc3 Qe5+ 17. Kf1 Qxc3 {1-0 (53) Esipenko,A (2701)-Trent,L (2399) Chess.com INT 2021}) 12. a3 Bb7 {[%emt 0:09:09] [#]} (12... Bxc5 $11 {remains equal.} 13. Ne4 Bb7) 13. axb4 $1 $16 Bxh1 14. Na4 {[%emt 0:00:44] White is more active.} Nd5 (14... e5 $14 15. Bxe5 (15. Qe2 O-O $15) 15... O-O) 15. Bd6 {[%emt 0:01:08][%mdl 1024] White has strong compensation. A strong pair of Bishops.} h5 {[%emt 0:01:46] [#]} (15... Ra7 $16) 16. Ke2 $1 $18 Bg2 17. Qg1 Bh3 (17... e5 {is a better defense.}) 18. Qg3 {[%emt 0:01:08] Hoping for gxh5.} hxg4 19. b5 f5 {[%emt 0:11:37] aiming for ...axb5.} 20. Qe5 $2 ({Better is} 20. Nb6 $18 Nxb6 21. cxb6 Qxb6 22. Qe5) 20... Kf7 $11 {[%emt 0:00:45][%cal Og4g3] Strongly threatening ...g3!} 21. bxa6 $2 {[%emt 0:01:48] [#]} (21. b6 $11 g3 22. Qxg3 Bg4+ 23. Kf1) 21... Bg2 $2 ({Black should play} 21... g3 $1 $19 22. Qxg3 Bg4+ 23. Kf1 Qg5) 22. Qxd4 (22. Nb6 $1 $14 {stays ahead.} Nxb6 23. cxb6) 22... Bf3+ $19 23. Ke1 {[%emt 0:00:51] And now Nc3 would win.} g5 $2 (23... g3 $19 24. Bxg3 f4) 24. Be5 {[%emt 0:05:41] The board is on fire.} (24. Kd2 $16) 24... Rh3 $2 {[%emt 0:02:32] White now steadily converts the win.} (24... Rh4 $11 {and Black is okay.} 25. Bg3 Rh5) 25. Bf1 $2 (25. Nb6 $18 g3 26. fxg3 (26. Nxa8 $2 Rh4 $19) 26... Rxh2 27. b4 (27. Nxa8 Rh1+ 28. Bf1 Qxa8 $16) 27... Rh1+ 28. Kd2 (28. Kf2 Rh2+ 29. Ke1 g4 $16) 28... Rxa1 29. Qxa1 Nxb6 30. cxb6 (30. Ke3 $2 Nd5+ 31. Kxf3 Nxb4 $19) 30... Qxb6 31. Qd4 Qxd4 32. Bxd4) 25... Rh7 $2 ({Don't play} 25... Qa5+ 26. Qd2 Qb4 27. Qxb4 Nxb4 28. Bxh3 $16) (25... Rh4 $1 $11 26. Qd2 Qe7) 26. Nb6 $18 Nxb6 (26... Rh4 $142) 27. Qxd8 {[%emt 0:00:06] White is clearly winning.} Rxd8 28. cxb6 Kg6 29. b7 Bxb7 30. axb7 Rxb7 31. Ra6 f4 32. Bd3+ Kf7 33. Be2 f3 34. Bc4 Kf8 35. Rxe6 Ra8 36. b3 Ra2 37. Kd2 Ra5 38. Bc3 Rd7+ 39. Bd3 {[%emt 0:00:26] Weighted Error Value: White=0.57/Black=0.79} 1-0

[Event "Czech Championship 2022"]
[Site "Usti nad Labem"]
[Date "2022.05.19"]
[Round "6.13"]
[White "Gnojek, Petr"]
[Black "Bouska, Jiri"]
[Result "0-1"]
[ECO "E62"]
[WhiteElo "2302"]
[BlackElo "2117"]
[Annotator "TA"]
[PlyCount "136"]
[EventDate "2022.05.12"]
[EventType "swiss"]
[EventCountry "CZE"]
[SourceTitle "playchess.com"]
[Source "ChessBase"]
[SourceQuality "1"]
[TimeControl "40/5400+30:1800+30"]

1. d4 Nf6 2. c4 g6 3. g3 Bg7 4. Bg2 d6 5. Nc3 O-O 6. Nf3 c6 7. e4 Bg4 8. O-O e5 {[%emt 0:01:44] E62: King's Indian: Fianchetto: 6...c6 and Panno Variation (6...Nc6) without ...a6.} 9. d5 cxd5 10. cxd5 Nbd7 (10... Bd7 $11 {deserves consideration.}) 11. Be3 {[%emt 0:02:46] [#]} a6 $146 ({Predecessor:} 11... Nh5 12. h3 Bxf3 13. Bxf3 Nhf6 14. Rc1 Ne8 15. Bg2 f5 16. f4 exf4 17. Bxf4 Qb6+ {½-½ (41) Balov,D (2161)-Veleski,R (2257) Stip 2002}) 12. Qd2 b5 13. Ne1 Nb6 ({Less strong is} 13... b4 14. Na4 $16) 14. b3 {[%emt 0:00:59] Prevents Nc4.} b4 ({Black should play} 14... Bd7 $14) 15. Nd1 $16 a5 16. Nb2 Bd7 17. f3 {[%emt 0:02:40] Against Ng4} Bb5 18. Ned3 Nfd7 (18... Nfxd5 $14 19. exd5 Nxd5) 19. Rfc1 Rc8 (19... Qb8 $16) 20. a3 $18 bxa3 21. Rxa3 Bxd3 22. Rxc8 ({But not} 22. Qxd3 $6 Rxc1+ 23. Bxc1 Qc7 $14) 22... Qxc8 23. Qxd3 {[%emt 0:01:05] [#]} (23. Nxd3 $18 a4 24. Nb4) 23... f5 $2 (23... Bh6 $1 $11) 24. Rxa5 f4 25. Bd2 Nc5 26. Qc3 fxg3 27. hxg3 Qd8 28. b4 Ncd7 29. Be3 Qf6 $2 (29... Qb8 {was called for.} 30. Ra6 Qb7) 30. Ra7 Rc8 31. Qd3 h5 32. Qd2 h4 33. Bg5 Rc2 (33... Qf8 $142 34. gxh4 Ra8) 34. Bxf6 $2 (34. Qxc2 $18 {and the rest is easy.} Qxg5 35. gxh4 Qxh4 36. Nd3) 34... Rxd2 $16 35. Bxg7 Kxg7 36. Nc4 Rd1+ (36... Nxc4 $16 {is a better defense.} 37. Rxd7+ Kh6 38. gxh4 Rb2) 37. Kh2 (37. Kf2 $1 $18 {Threatens to win with Nxb6.} Nxc4 38. Rxd7+ Kh6 39. gxh4) 37... hxg3+ 38. Kxg3 Nxc4 39. Rxd7+ {[%emt 0:00:00][%mdl 4096] Endgame KRB-KRN} Kf6 {[%emt 0:00:19] [#]} 40. Bh3 (40. Rc7 $1 $16 Na3 41. Rc6) 40... Rb1 $14 41. Rb7 (41. b5 $5) 41... Kg5 42. b5 Rb3 43. Rg7 Kf6 {[%emt 0:00:00] Inhibits Bf5.} 44. Rd7 {[%emt 0:00:00] Hoping for Bf1.} Kg5 45. Be6 ({Better is} 45. Bf1 $11 Nd2 46. Kf2 Nxf1 47. Kxf1 Rxf3+ 48. Ke2) 45... Rxb5 (45... Nd2 $1 $15) 46. Rg7 Kf6 {[%emt 0:00:00] Against Bf5} 47. Rc7 {[%emt 0:00:00] Kh4 would kill now.} Rc5 $1 48. Rd7 {[%emt 0:00:00] Threatening mate with Kh4.} Kg5 49. Bh3 Nd2 50. Rxd6 Rc3 {[%emt 0:00:00][%csl LRe4,LRf3] ...Nxe4+ is the strong threat.} 51. Kg2 Nxf3 52. Rc6 Nh4+ 53. Kh2 Rd3 54. Bf1 Rd1 55. Bb5 Nf3+ 56. Kg3 Nd4 {[%emt 0:00:08][%csl LRb5,LRc6] Against Be2} 57. Rc5 Nxb5 58. Rxb5 $11 {[%emt 0:00:04] KR-KR} Rd3+ 59. Kf2 Kf4 60. Rb4 g5 61. Ke2 Ra3 62. Rc4 Ra2+ 63. Kd3 g4 {[%emt 0:02:19] Strongly threatening ...g3.} 64. Rc2 Ra3+ 65. Rc3 $2 (65. Ke2 $1 $11) 65... Ra4 ({Black should try} 65... Rxc3+ $19 66. Kxc3 g3) 66. Rc4 {[%emt 0:00:21] [#]} Ra1 (66... Rxc4 $1 $17 67. Kxc4 g3) 67. Ke2 $2 (67. Rc6 $11) 67... g3 68. Rc8 g2 {[%emt 0:00:13] Black used his chance.  Weighted Error Value: White=0.30/Black=0.23 (precise)} 0-1

[Event "Czech Championship 2022"]
[Site "Usti nad Labem"]
[Date "2022.05.19"]
[Round "6.14"]
[White "Vojta, Jakub"]
[Black "Bokhnak, Timofey"]
[Result "1/2-1/2"]
[ECO "C00"]
[WhiteElo "2396"]
[BlackElo "2060"]
[Annotator "TA"]
[PlyCount "60"]
[EventDate "2022.05.12"]
[EventType "swiss"]
[EventCountry "CZE"]
[SourceTitle "playchess.com"]
[Source "ChessBase"]
[SourceQuality "1"]
[TimeControl "40/5400+30:1800+30"]

1. e4 e6 2. Qe2 c5 3. g3 Nc6 4. c3 d5 5. d3 dxe4 (5... e5 $142) 6. dxe4 $11 {[%emt 0:00:19] C00: French: Unusual White 2nd moves.} Nf6 {[%emt 0:03:24] [#]} 7. Na3 $146 ({Predecessor:} 7. f4 Be7 8. Bg2 h5 9. Nh3 Ng4 10. Nd2 e5 11. f5 a6 12. a4 Na5 13. O-O Qc7 14. Bf3 Nf6 15. Nc4 Nb3 16. Ra3 Nxc1 17. Rxc1 Bd7 18. Nf2 b5 {½-½ (18) Whitehead,M (1901)-Patrick,D (1878) Llandudno 2019}) 7... Be7 8. Bf4 e5 9. Bg5 a6 10. Rd1 Qc7 11. Nc4 Be6 (11... Bg4 {feels hotter.} 12. Nf3 Rd8 13. Bxf6 Bxf6 14. Ne3 Be6) 12. Bxf6 Bxf6 13. Bh3 O-O 14. Ne3 Rad8 15. Nd5 ({White should try} 15. Bxe6 $11 fxe6 16. Rxd8 Nxd8 17. Nf3) 15... Bxd5 $15 16. exd5 Ne7 17. Qe4 Rd6 18. Nf3 Rfd8 19. c4 Qa5+ 20. Rd2 Qxa2 21. O-O {[%emt 0:02:40] The position is equal.} b5 22. Nxe5 Bxe5 23. Qxe5 Ng6 24. Qe4 Qxc4 25. Qxc4 bxc4 26. Bg2 Ne7 27. Rc1 Kf8 (27... Nxd5 $2 28. Rcd1 $18 (28. Rxc4 g6 $11)) 28. Rxc4 Nxd5 29. Rxc5 Ne7 30. Rxd6 Rxd6 {[%emt 0:00:06] Weighted Error Value: White=0.14 (very precise) /Black=0.11 (very precise)} 1/2-1/2

[Event "Czech Championship 2022"]
[Site "Usti nad Labem"]
[Date "2022.05.19"]
[Round "6.15"]
[White "Soucek, Petr"]
[Black "Serrano Salvador, Eduardo"]
[Result "1/2-1/2"]
[ECO "A03"]
[WhiteElo "2177"]
[BlackElo "2286"]
[Annotator "TA"]
[PlyCount "83"]
[EventDate "2022.05.12"]
[EventType "swiss"]
[EventCountry "CZE"]
[SourceTitle "playchess.com"]
[Source "ChessBase"]
[SourceQuality "1"]
[TimeControl "40/5400+30:1800+30"]

1. f4 d5 2. Nf3 Nf6 3. g3 c6 4. Bg2 Qb6 5. d4 Bf5 {[%emt 0:00:22] [#]} 6. Nbd2 $146 {[%emt 0:03:06] A03: Bird's Opening with 1...d5.} ({Predecessor:} 6. O-O e6 7. e3 c5 8. c3 Nc6 9. Qb3 Be7 10. Nbd2 O-O 11. Ne5 Rfd8 12. h3 Ne4 {0-1 (63) Bocharov,I (2489)-Dzhumagaliev,Y (2424) St Petersburg 2015}) 6... e6 7. c3 c5 8. e3 {[%emt 0:01:55] Black is slightly better.} Qa6 9. Ne5 Nc6 10. Bf1 Qb6 11. Be2 Bd6 (11... h5 $15) 12. g4 $11 Be4 13. Rf1 (13. O-O $11) 13... h6 $1 $15 (13... cxd4 14. exd4 h6 15. Nxe4 Nxe4 16. Bd3 $11) 14. a3 (14. Nxe4 $15 Nxe4 15. Bd3) 14... Rc8 15. Qa4 a6 (15... Bh7 $17) 16. h4 (16. dxc5 $15 Qxc5 17. Nxc6 Qxc6 18. Qxc6+ Rxc6 19. Nxe4 Nxe4 20. Bd2) 16... Qa5 $2 (16... Bh7 $17 17. Bf3 Nd7 18. Nxd7 Kxd7) 17. Qxa5 $16 Nxa5 18. b4 cxb4 19. cxb4 (19. axb4 $16 Nc6 20. g5 hxg5 21. hxg5) 19... Nc6 $11 20. Bb2 Ke7 (20... Ne7 $11) 21. Rc1 $14 Na7 22. g5 {[%emt 0:16:26] Threatens to win with Rxc8.} (22. Rxc8 {with more complications.} Rxc8 23. g5 Nd7 24. Nxd7 Rc2 25. Nxe4 dxe4 26. Nf6) 22... hxg5 {[%emt 0:02:34] Hoping for ...Rxc1+.} (22... Rxc1+ {keeps more tension.} 23. Bxc1 Ne8 24. Nxe4 dxe4 25. Bb2 Nc7) 23. hxg5 Bxe5 (23... Rxc1+ $11 24. Bxc1 Nd7) 24. Rxc8 Rxc8 25. dxe5 Nd7 26. Nxe4 dxe4 27. Kd2 {[%emt 0:01:22] Inhibits Rc2+.} Nc6 28. Rc1 b5 $2 {[%emt 0:10:17] [#]} (28... Nb6 $11) 29. Bd4 ({White should try} 29. a4 $1 $18 ) 29... f5 (29... Kd8 $16 {was called for.}) 30. gxf6+ gxf6 31. exf6+ Nxf6 32. Bc5+ ({Better is} 32. Bf1) 32... Kf7 33. a4 (33. Bb6 $16) 33... Nd5 $2 ({Black should play} 33... bxa4 $11 34. Ra1 (34. Bxa6 Rd8+ 35. Ke1 Nd5 $11) 34... Rd8+ 35. Ke1 Rb8) 34. axb5 $16 axb5 35. Bd6 ({Don't play} 35. Bxb5 $6 Ncxb4 36. Be2 Rd8 $11) 35... Rd8 36. Rxc6 ({Not} 36. Bh5+ Kf6 37. Rxc6 Ne7 $11) 36... Ne7 37. Rb6 (37. Ra6 $16 Nc8 {[#]} 38. Bxb5 $1 (38. Bh5+ Kf6 $11)) 37... Nf5 $11 {[%emt 0:01:29] [#] The position is equal.} 38. Bxb5 $1 {[%emt 0:00:23] And now Rb7+ would win.} Nxd6 39. Ke2 Ke7 40. Bc6 Rh8 41. Ra6 Rh2+ 42. Ke1 {[%emt 0:00:00] Weighted Error Value: White=0.28 (precise) /Black=0.38} 1/2-1/2

[Event "Czech Championship 2022"]
[Site "Usti nad Labem"]
[Date "2022.05.19"]
[Round "6.16"]
[White "Sykora, Marek"]
[Black "Sykora, Ondrej"]
[Result "1/2-1/2"]
[ECO "C42"]
[WhiteElo "2249"]
[BlackElo "2092"]
[Annotator "TA"]
[PlyCount "111"]
[EventDate "2022.05.12"]
[EventType "swiss"]
[EventCountry "CZE"]
[SourceTitle "playchess.com"]
[Source "ChessBase"]
[SourceQuality "1"]
[TimeControl "40/5400+30:1800+30"]

1. e4 e5 2. Nc3 Nf6 3. Bc4 Bb4 4. d3 d5 5. exd5 Nxd5 6. Bd2 Nxc3 7. bxc3 Bd6 8. Nf3 O-O 9. Bg5 {[%emt 0:04:48] C42: Petroff Defence: 3 Nxe5 and unusual White 3rd moves.} Qe8 {[%emt 0:03:42] [#]} 10. Qe2 $146 ({Predecessor:} 10. O-O Be6 11. Bxe6 Qxe6 12. Qb1 b6 13. Qb3 Qxb3 14. axb3 Nc6 15. Ra6 Nb8 16. Ra4 a5 {1-0 (47) Rodriguez Bittar,K (1943)-Alonso Contreras,M (1871) Santa Cruz de Tenerife 2018}) 10... Qc6 11. Rb1 {[%emt 0:11:37] Inhibits b5.} (11. O-O $5 ) 11... a6 12. Bd2 (12. O-O $11) 12... b5 13. Bb3 a5 14. c4 b4 {[%emt 0:06:19] Strongly threatening ...a4.} 15. c3 Na6 16. cxb4 Nxb4 {[%emt 0:04:27] And now ...Bf5 would win.} 17. a3 Na6 18. Bxa5 Bxa3 19. O-O Bg4 20. Qxe5 Bd6 21. Qd4 Bxf3 22. gxf3 {[%emt 0:00:27] Threatens to win with Bc3.} Nc5 23. Bc3 {[%emt 0:07:48][%csl Gc3][%cal Rd4g7] A strong pair of Bishops.} f6 24. Bb4 {[%emt 0:00:33] Inhibits Ra3.} Qxf3 25. Bxc5 $11 Bxc5 26. Qh4 (26. Qxc5 $11 {remains equal.} Qg4+ 27. Kh1 Qf3+ 28. Kg1 Qg4+ 29. Kh1 Qf3+ 30. Kg1) 26... Qf5 27. Bd1 Qxd3 28. Rb3 Qd4 29. Qh5 (29. Qxd4 $142 Bxd4 30. Rd3) 29... Qe5 ({Don't play} 29... Qxc4 30. Rh3 Bxf2+ 31. Kxf2 Qd4+ 32. Kg2 $18) (29... f5 $142 30. Qf3 Rad8) 30. Qh3 (30. Qxe5 $142 fxe5 31. Bf3) 30... Ra2 31. Rf3 (31. Rd3 $142) 31... Rd8 $36 {[%emt 0:01:12][%mdl 2048] White is under strong pressure.} 32. Rf5 {[%emt 0:00:43] [#]} (32. Qf5 $17) 32... Qd4 (32... Bxf2+ $1 $19 {[%mdl 512] and Black stays clearly on top.} 33. R5xf2 (33. Kh1 Qe4+) 33... Rxf2 34. Kxf2 Rd2+ 35. Kg1 Qd4+ 36. Kh1 Rxd1 37. Qc8+ Qd8 38. Qxd8+ Rxd8) 33. Rd5 $17 {[%emt 0:01:38][%mdl 64] Decoy} Rxd5 34. Qe6+ Kf8 35. cxd5 {[%emt 0:00:48][%cal Od5d6] d6! is the strong threat.} Rxf2 ({Better is} 35... Ra8 $17 36. Qh3 h6) 36. Qc8+ $11 Kf7 37. Qe6+ (37. Qxc7+ $11 {and White has nothing to worry.} Kg6 38. Qg3+ Kf7 39. Qc7+ (39. Qxf2 $2 Qxd5 40. Be2 Qg5+ 41. Kh1 Bxf2 $19) 39... Kg6 40. Qg3+ Kf7 41. Qc7+ (41. Qxf2 $2 Qxd5 42. h3 g6 $19)) 37... Kf8 $2 (37... Kg6 $1 $19 38. Qe8+ Kf5) 38. Qc8+ Kf7 39. Qe6+ {[%emt 0:00:19][%mdl 8192] [#]} (39. Qxc7+ $11 Kg6 40. Qg3+ Kf7 41. Qc7+ (41. Qxf2 $2 Qxd5 42. Qxc5 Qxc5+ $19) 41... Kg6 42. Qg3+ Kf7 43. Qc7+ (43. Qxf2 $2 Qxd5 44. Bf3 Qg5+ 45. Kh1 Bxf2 $19)) 39... Kf8 $2 (39... Kg6 $1 $19 40. Qe8+ Kf5) 40. Qc8+ Kf7 41. Qe6+ {[%emt 0:02:51][%mdl 8192] [#]} (41. Qxc7+ $11 {and White is okay.} Kg6 42. Qg3+ Kf7 43. Qc7+ (43. Qxf2 $2 {perishes.} Qxd5 44. Bf3 Qg5+ 45. Kh1 Bxf2 $19) 43... Kg6 44. Qg3+ Kf7 45. Qc7+ (45. Qxf2 $2 {loses.} Qxd5 46. Be2 Qg5+ 47. Kh1 Bxf2 $19)) 41... Kg6 $1 $19 42. Qe8+ Kg5 $2 ({Black should try} 42... Kf5 $1 $19 {( -> ...Rxf1+)} 43. Qe1 Rxf1+ 44. Kxf1 Qg1+ 45. Ke2 Qxh2+ 46. Kd3 h5) 43. Qh5+ $11 {[%emt 0:00:19] The position is equal.} Kf4 44. Qg4+ Ke5 45. Qe6+ Kf4 46. Qg4+ Ke5 47. Qe6+ Kf4 48. Qg4+ Ke5 49. Qe6+ Kf4 50. Qg4+ Ke5 51. Qe6+ $1 Kf4 52. Qg4+ Ke5 53. Qe6+ $1 Kf4 54. Qg4+ Ke5 55. Qe6+ $1 Kf4 56. Qg4+ {[%emt 0:34:24] Weighted Error Value: White=0.82/Black=0.53} 1/2-1/2

[Event "Czech Championship 2022"]
[Site "Usti nad Labem"]
[Date "2022.05.19"]
[Round "6.17"]
[White "Brejnik, Gustav"]
[Black "Ocelak, Jakub"]
[Result "1-0"]
[ECO "E67"]
[WhiteElo "2246"]
[BlackElo "2060"]
[Annotator "TA"]
[PlyCount "69"]
[EventDate "2022.05.12"]
[EventType "swiss"]
[EventCountry "CZE"]
[SourceTitle "playchess.com"]
[Source "ChessBase"]
[SourceQuality "1"]
[TimeControl "40/5400+30:1800+30"]

1. d4 Nf6 2. c4 g6 3. Nc3 Bg7 4. g3 O-O 5. Bg2 d6 6. Nf3 Nbd7 7. O-O e5 8. e4 Re8 9. h3 b6 {[%emt 0:00:01] E67: King's Indian: Fianchetto: 6...Nbd7.} 10. Be3 exd4 11. Nxd4 {[%emt 0:03:20] [#] Black must now prevent Nc6.} Bb7 {[%emt 0:00:42] Inhibits Nc6. The position is equal.} 12. Qc2 Nc5 13. f3 Nh5 14. Nde2 {[%emt 0:05:32] [#]} Be5 $146 (14... f5 $14) ({Predecessor:} 14... f5 15. g4 Nf6 16. Bxc5 dxc5 17. exf5 gxf5 18. Qxf5 Qd2 19. Ng3 Qxb2 20. Nce4 Nxe4 21. Nxe4 {½-½ (71) Dzhaparov,M (1667)-Bernadskiy,V (2592) Chess.com INT 2021}) 15. Bf2 Qb8 16. b4 Nd7 17. Rad1 a5 18. a3 Nf8 19. Nd5 ({Better is} 19. f4 $16 Bg7 20. Nd5) 19... axb4 $14 20. axb4 Bc6 21. Qd2 {[%emt 0:06:30] g4 is the strong threat. White is more active.} Ra3 $2 {[%emt 0:06:29] [#] This costs Black the game.} (21... Bg7 $16 {is a better defense.}) 22. g4 $1 $18 Bxd5 23. cxd5 ({Inferior is} 23. Qxd5 Nf4 24. Nxf4 Bxf4 $11) ({Not} 23. exd5 Qa8 $14) 23... Ng7 24. f4 Bf6 25. g5 Bd8 26. Qb2 Ra8 27. Bd4 Nh5 28. Bf3 {[%emt 0:00:16] And now Bxh5 would win.} Nd7 $2 (28... Nxf4 29. Nxf4 Bxg5) 29. Bxh5 gxh5 30. Ng3 f6 31. gxf6 h4 32. Nf5 {[%emt 0:00:23] White mates.} Kf7 33. Nh6+ Kf8 34. f7 Re7 35. Bg7# {[%emt 0:17:31] Weighted Error Value: White=0.10 (very precise) /Black=0.55} 1-0

[Event "Czech Championship 2022"]
[Site "Usti nad Labem"]
[Date "2022.05.19"]
[Round "6.18"]
[White "Pokrupa, Marek"]
[Black "Nytra, Ondrej"]
[Result "1-0"]
[ECO "D02"]
[WhiteElo "2117"]
[BlackElo "2219"]
[Annotator "TA"]
[PlyCount "47"]
[EventDate "2022.05.12"]
[EventType "swiss"]
[EventCountry "CZE"]
[SourceTitle "playchess.com"]
[Source "ChessBase"]
[SourceQuality "1"]
[TimeControl "40/5400+30:1800+30"]

1. Nf3 d5 2. g3 Nc6 3. d4 Bf5 4. Bg2 Nb4 5. Na3 e6 6. c3 {[%emt 0:04:07][%cal Bc2c3,Bc3c4,Bc4d5][%mdl 32] D02: 1 d4 d5 2 Nf3 sidelines, including 2...Nf6 3 g3 and 2...Nf6 3 Bf4.} Nc6 7. Qb3 Rb8 8. O-O {[%emt 0:01:37] The position is equal.} Be7 {[%emt 0:03:52] Prevents Nh4.} 9. c4 Nf6 10. Bf4 a6 {[%emt 0:12:12] [#] Prevents Nb5.} 11. Rfd1 $146 ({Predecessor:} 11. Rac1 O-O 12. Rfd1 Be4 13. Ne5 Bxg2 14. Kxg2 Bd6 15. Qf3 Nb4 16. Nc2 Nxc2 17. Rxc2 {0-1 (52) Radzhabov,R (2344)-Afanasiev,N (2514) Cheliabinsk 2021}) 11... Nh5 12. Be3 g5 $2 {[%emt 0:05:20] [#] Black cannot hold the game after this.} (12... Be4 $11 {and Black stays safe.}) 13. Ne5 $18 f6 (13... Kf8 $142 14. cxd5 exd5 15. Qxd5 (15. Bxd5 Na5 $15) 15... Qxd5 16. Bxd5 Nxe5) 14. cxd5 Nb4 15. g4 ({Don't take} 15. dxe6 fxe5 16. dxe5 Qc8 $18) 15... Nxd5 16. gxf5 ({Not} 16. gxh5 Nxe3 17. Qxe3 fxe5 $16) 16... Nxe3 17. Qxe3 exf5 (17... Nf4 $142 18. Nd3 Nxg2 19. Kxg2 Qd5+ 20. Qf3 Qxf5 21. Qxf5 exf5) 18. Nd3 Kf7 19. Nc5 Re8 (19... Nf4 {was worth a try.} 20. Bxb7 Kg6) 20. Qe6+ {[%emt 0:05:27] White is clearly winning.} Kg6 21. e4 Ng7 (21... Kg7 $142 22. Qxf5 Kh8) 22. exf5+ Kh6 23. Qf7 {[%emt 0:00:44] [#] Strongly threatening Rd3.} Rf8 24. Qxg7+ {[%emt 0:01:14] Weighted Error Value: White=0.28 (precise) /Black=0.68} 1-0

[Event "Czech Championship 2022"]
[Site "Usti nad Labem"]
[Date "2022.05.19"]
[Round "6.19"]
[White "Jun, Rudolf"]
[Black "Paseka, Matyas"]
[Result "1/2-1/2"]
[ECO "B51"]
[WhiteElo "2183"]
[BlackElo "2076"]
[Annotator "TA"]
[PlyCount "61"]
[EventDate "2022.05.12"]
[EventType "swiss"]
[EventCountry "CZE"]
[SourceTitle "playchess.com"]
[Source "ChessBase"]
[SourceQuality "1"]
[TimeControl "40/5400+30:1800+30"]

1. e4 c5 2. Nf3 d6 3. Bb5+ Nd7 4. O-O a6 5. Bd3 Ngf6 6. c3 {[%emt 0:00:07] B51: Sicilian: Moscow Variation (3 Bb5+) without 3...Bd7.} b5 7. Re1 Bb7 8. Bc2 {[%emt 0:00:08] White has an edge.} c4 9. b4 g6 10. a4 Bg7 $1 11. d4 {[%emt 0:04:15] [#]} e5 $146 (11... cxd3 $11 12. Qxd3 bxa4) ({Predecessor:} 11... cxd3 12. Qxd3 bxa4 13. Bxa4 O-O 14. Bb2 d5 15. e5 Nh5 16. Bc1 f6 17. exf6 Ndxf6 {½-½ (88) Isha,S (2099)-Lyell,M (2198) Budapest 2019}) 12. axb5 (12. Na3 $14) 12... axb5 $11 13. Rxa8 Qxa8 14. Na3 (14. dxe5 {feels hotter.} dxe5 15. Na3 Qa6 16. Nxb5 Qxb5 17. Ba4) 14... Nxe4 (14... Qa6 {is interesting.} 15. dxe5 dxe5 16. Nxb5 Qxb5 17. Ba4 Qa6) 15. Bxe4 (15. Nxb5 $14 O-O 16. dxe5) 15... Bxe4 16. Nxb5 Bxf3 $2 (16... O-O $1 $11) 17. Nxd6+ $16 Ke7 18. gxf3 {[%emt 0:00:19] [#] And now dxe5 would win.} Kxd6 (18... Qd5 $16) 19. dxe5+ $18 Kc7 20. Qd6+ Kc8 21. e6 (21. Re4 Nxe5 22. Rxe5 Bxe5 23. Qxe5 Kd7 $16) 21... fxe6 {[%emt 0:00:41] [#] ...Qd5 is the strong threat.} 22. Qxe6 ({Better is} 22. Rd1 $18 Qa4 23. Bf4) 22... Qxf3 $11 {[%emt 0:14:57] The position is equal.} 23. Qxc4+ Kd8 (23... Kb8 $2 24. Bf4+ (24. Re7 Qd1+ 25. Kg2 Be5 $11) 24... Be5 25. Bxe5+ Nxe5 26. Rxe5 $18) 24. Bg5+ Bf6 25. Bf4 {[%emt 0:03:20][%csl Gf4][%cal Rc4c7] Dancing on a razor blade.} ({Reject} 25. Qd4 Rf8 26. Rd1 Rf7 $17) 25... Qg4+ $1 (25... Qxc3 $2 26. Qe4 Be5 27. Bg5+ (27. Bxe5 Qxe5 28. Qxe5 Nxe5 $14) 27... Bf6 28. Qa8+ Qc8 29. Bxf6+ Nxf6 30. Qa5+ Qc7 31. Rd1+ Nd7 32. Qg5+ Kc8 33. Rc1 $18) 26. Kh1 Qf3+ 27. Kg1 Qg4+ $1 (27... Qxc3 $2 28. Qe4 Be5 29. Bg5+ (29. Bxe5 Qxe5 30. Qxe5 Nxe5 $14) 29... Bf6 30. Qa8+ Qc8 31. Bxf6+ Nxf6 32. Qa5+ Qc7 33. Rd1+ Nd7 34. Qg5+ Kc8 35. Rc1 $18) 28. Kh1 Qf3+ 29. Kg1 Qg4+ $1 (29... Qxc3 $2 30. Qe4 Be5 31. Bg5+ (31. Bxe5 Qxe5 32. Qxe5 Nxe5 $14) 31... Bf6 32. Qa8+ Qc8 33. Bxf6+ Nxf6 34. Qa5+ Qc7 35. Rd1+ Nd7 36. Qg5+ Kc8 37. Rc1 $18) 30. Kh1 Qf3+ 31. Kg1 {[%emt 0:00:04] Blacks defense is rewarded with a draw.  Weighted Error Value: White=0.17 (very precise) /Black=0.19 (very precise)} 1/2-1/2